 Dungeon Crawl Stone Soup version 0.20-a0-971-g5896763 (webtiles) character file.

42 HankScorpio the Chopper (level 3, 0/31 HPs)
             Began as a Minotaur Berserker on Apr 9, 2017.
             Was a Believer of Trog.
             Slain by Sigmund
             ... wielding a +0 scythe
              (8 damage)
             ... on level 2 of the Dungeon.
             The game lasted 00:01:41 (841 turns).

HankScorpio the Chopper (Minotaur Berserker)         Turns: 841, Time: 00:01:41

Health: 0/31       AC:  6    Str: 21    XL:     3   Next: 35%
Magic:  2/2        EV: 10    Int:  5    God:    Trog [**....]
Gold:   34         SH:  0    Dex:  9    Spells: 2/2 levels left

rFire    . . .     SeeInvis .   a - +0 hand axe
rCold    . . .     Gourm    .   (no shield)
rNeg     . . .     Faith    .   m - +0 scale mail
rPois    .         Spirit   .   (helmet restricted)
rElec    .         Reflect  .   (no cloak)
rCorr    .         Harm     .   (no gloves)
MR       .....                  (no boots)
Stlth    ..........             (no amulet)
Regen    0.1/turn               (no ring)
MPRegen  0.1/turn               (no ring)

@: no status effects
A: retaliatory headbutt, horns 2
a: Berserk, Trog's Hand, Burn Spellbooks, Renounce Religion


You were on level 2 of the Dungeon.
You worshipped Trog.
Trog was pleased with you.
You were not hungry.

You visited 1 branch of the dungeon, and saw 2 of its levels.

You collected 34 gold pieces.

Inventory:

Hand Weapons
 a - a +0 hand axe (weapon)
Missiles
 e - 50 stones (quivered)
Armour
 m - a +0 scale mail (worn)
Scrolls
 d - 2 scrolls of teleportation {unknown}
 g - a scroll of noise {unknown}
 j - 2 scrolls of fog {unknown}
 k - a scroll of identify {unknown}
Potions
 b - 2 potions of curing {unknown}
 f - a potion of might {unknown}
 i - a potion of flight {unknown}
 l - a potion of resistance {unknown}
Comestibles
 c - 2 bread rations
 h - 3 meat rations


   Skills:
 - Level 3.6 Fighting
 + Level 5.4 Axes
 - Level 2.4 Armour
 - Level 2.1 Dodging


You had 2 spell levels left.
You didn't know any spells.

Dungeon Overview and Level Annotations

Branches:
Dungeon (2/15)

Altars:

Annotations:
D:2 Sigmund


Innate Abilities, Weirdness & Mutations

You reflexively headbutt those who attack you in melee.
You have a pair of horns on your head.


Message History

The magic dart hits you!
You closely miss Sigmund.
Sigmund is lightly wounded.
Sigmund barely misses you.
You hit Sigmund. You headbutt Sigmund.
Sigmund is heavily wounded.
Sigmund closely misses you.
You barely miss Sigmund.
Sigmund is heavily wounded.
You barely miss Sigmund.
Sigmund is heavily wounded.
Sigmund barely misses you.
You hit Sigmund.
Sigmund is heavily wounded.
Sigmund hits you with a scythe!
* * * LOW HITPOINT WARNING * * *
You hit Sigmund. You headbutt Sigmund!
Sigmund is almost dead.
Sigmund hits you with a scythe!
You die...

#........# .
#........####+#..
.####...............#
....#.##............#
#.....##...........<#
.....>.............####
.....#...##............
...)...............#####
+#..............@@......
.............##.........
.....†.......###.######.
...#.........# #.#
...#.........# #.#
.............# #.#
.............# #.#
.......##....# #.#
.......# ...


You could see Sigmund.

Vanquished Creatures
  An ooze (D:1)
  2 leopard geckos (D:1)
  A ball python (D:2)
  4 bats (D:1)
  3 giant cockroaches (D:1)
  5 hobgoblins
  8 kobolds
  A frilled lizard (D:1)
  3 goblins (D:1)
  5 rats
33 creatures vanquished.

Vanquished Creatures (others)
  A plant (D:1)
1 creature vanquished.

Grand Total: 34 creatures vanquished

Notes
Turn   | Place    | Note
-------+----------+-------------------------------------------
     0 | D:1      | HankScorpio the Minotaur Berserker began the quest for the Orb.
     0 | D:1      | Reached XP level 1. HP: 19/19 MP: 0/0
   235 | D:1      | Reached skill level 4 in Axes
   302 | D:1      | Reached XP level 2. HP: 26/26 MP: 1/1
   530 | D:1      | Reached skill level 5 in Axes
   555 | D:1      | Reached XP level 3. HP: 29/31 MP: 2/2
   719 | D:1      | Reached ** piety under Trog
   826 | D:2      | Noticed Sigmund
   841 | D:2      | Slain by Sigmund

Vault maps used:
D:1:      saegor_arrival_simple_d, hangedman_decor_opposing,
          lexackson_kobold_supper
D:2:      dk_noncrumbling_2, minmay_misc_feat_five, uniq_jessica, uniq_sigmund

Skill      XL: |  1  2 |
---------------+-------+-----
Axes           | 4 5 |  5.4
Fighting       | |  3.6
Armour         | |  2.4
Dodging        | |  2.1

Action                   || total
-------------------------++-------
Melee: Hand axe          ||    78
       Headbutt          ||    11
Armor: Animal skin       ||     1
       Ring mail         ||     8
       Scale mail        ||    11
Dodge: Dodged            ||    44
